Boston Bruins vs Edmonton Oilers
Created - Monday, March 27, 2023 at 08:08
Goals
|
| Boston Bruins |
0 |
1 |
1 |
2 |
| Edmonton Oilers |
1 |
0 |
5 |
6 |
|
Shots
|
| Boston Bruins |
14 |
7 |
12 |
33 |
| Edmonton Oilers |
12 |
10 |
16 |
38 |
|
1st period
1. Edmonton Oilers , Sean Kuraly 1 (Brandon Carlo 2, Jakub Voracek 2) at 5:33
Penalties :
Ryan Getzlaf (EDM) for Tripping (Minor) at 0:16, Charlie McAvoy (BOS) for Cross-checking (Minor) at 16:24
2nd period
2. Boston Bruins , Pavel Zacha 6 (Phil Kessel 9) at 8:07
Penalties :
Phil Kessel (BOS) for Slashing (Minor) at 8:53
3rd period
3. Edmonton Oilers , Anthony Duclair 2 (Boone Jenner 10, Damon Severson 2) at 3:03 (PP)
4. Boston Bruins , Pavel Zacha 7 (Joel Farabee 7) at 3:53 (SH)
5. Edmonton Oilers , Adrian Kempe 5 (Ryan Getzlaf 5, Anthony Duclair 11) at 8:29
6. Edmonton Oilers , Damon Severson 2 (Jakub Voracek 3, Brock Boeser 4) at 14:02 (PP)
7. Edmonton Oilers , Mikael Backlund 2 (Damon Severson 3) at 15:28
8. Edmonton Oilers , Cam Atkinson 6 (Adrian Kempe 7, Damon Severson 4) at 18:54
Penalties :
Anthony Beauvillier (BOS) for Holding (Minor) at 2:27, Charlie McAvoy (BOS) for Holding (Minor) at 3:12, Tyson Barrie (BOS) for High sticking (Minor) at 12:59, Phil Kessel (BOS) for Holding (Minor) at 19:06
Goalie Stats
David Rittich (BOS), 32 saves from 38 shots - (0.842), L, 2-3-2, 60:00 minutes
Juuse Saros (EDM), 31 saves from 33 shots - (0.939), W, 5-3-0, 60:00 minutes
Players Stats for Boston Bruins
Player Name G A P +/- PIM S H SB GA TA FO MP PP MP PK MP
------------------------------------------------------------------------------------
Anthony Beauvillier 0 0 0 -2 2 3 0 1 0 0 0/0 13:33 0:00 0:30
Brandon Hagel 0 0 0 -2 0 1 1 0 0 0 0/2 13:39 0:00 0:00
Brock McGinn 0 0 0 -1 0 4 0 0 0 0 1/2 16:05 0:56 0:00
Charlie McAvoy 0 0 0 -1 4 1 5 1 0 0 0/0 25:15 0:53 2:34
Danton Heinen 0 0 0 0 0 0 0 0 0 0 0/0 3:36 0:00 0:00
Joel Farabee 0 1 1 0 0 5 3 2 2 1 0/0 17:46 0:56 1:36
Joonas Donskoi 0 0 0 -2 0 2 1 1 0 0 0/2 15:45 0:00 1:56
Kyle Capobianco 0 0 0 0 0 0 0 0 0 1 0/0 5:58 0:00 0:35
Mason Appleton 0 0 0 0 0 0 1 0 0 0 0/0 4:33 0:00 0:00
Matt Grzelcyk 0 0 0 -1 0 0 1 0 0 0 0/0 14:28 0:00 2:45
Pavel Zacha 2 0 2 1 0 2 0 0 0 0 2/4 20:58 1:03 2:32
Phil Kessel 0 1 1 0 4 5 1 2 2 0 1/2 21:36 1:03 3:23
Ryan Donato 0 0 0 -1 0 4 2 0 0 0 5/12 18:25 0:56 1:51
Samuel Girard 0 0 0 0 0 0 0 1 0 0 0/0 19:35 1:06 3:11
Sean Durzi 0 0 0 0 0 1 2 0 0 1 0/0 19:35 1:06 3:11
Tyson Barrie 0 0 0 -1 2 1 0 0 0 1 0/0 24:19 0:53 4:52
Victor Mete 0 0 0 -1 0 1 0 0 0 2 0/0 11:35 0:00 0:00
Vincent Trocheck 0 0 0 0 0 3 1 1 1 0 20/37 24:44 1:03 5:00
Players Stats for Edmonton Oilers
Player Name G A P +/- PIM S H SB GA TA FO MP PP MP PK MP
------------------------------------------------------------------------------------
Adrian Kempe 1 1 2 0 0 2 1 1 0 2 1/1 18:50 4:27 0:00
Alex Iafallo 0 0 0 1 0 1 1 0 0 0 0/0 13:10 0:04 0:59
Anthony Duclair 1 1 2 -1 0 3 2 0 3 0 0/0 20:41 6:19 0:00
Boone Jenner 0 1 1 1 0 3 1 0 0 1 18/28 20:54 4:36 0:59
Brandon Carlo 0 1 1 3 0 2 1 1 0 0 0/0 17:10 0:00 0:53
Brett Pesce 0 0 0 0 0 5 1 0 0 1 0/0 22:22 0:00 1:06
Brock Boeser 0 1 1 0 0 3 0 2 0 0 0/0 15:07 3:27 0:00
Cam Atkinson 1 0 1 1 0 1 0 0 0 0 1/3 18:07 2:10 0:01
Damon Severson 1 3 4 -1 0 5 0 1 0 0 0/0 24:31 6:19 0:53
Duncan Keith 0 0 0 3 0 1 2 0 0 0 0/0 16:17 0:00 0:00
Erik Johnson 0 0 0 0 0 0 1 3 0 1 0/0 16:39 0:00 1:06
Evan Bouchard 0 0 0 0 0 0 0 4 0 0 0/0 14:04 2:10 0:00
Jakub Voracek 0 2 2 0 0 2 0 0 0 0 0/0 11:14 3:49 0:00
Jamie Benn 0 0 0 1 0 1 3 0 1 0 0/0 19:55 4:36 0:00
Mikael Backlund 1 0 1 1 0 2 1 0 1 0 1/7 13:10 0:00 0:59
Paul Stastny 0 0 0 1 0 1 0 0 0 0 0/0 8:52 0:39 0:01
Ryan Getzlaf 0 1 1 -1 2 3 3 0 1 0 10/19 18:26 3:49 0:00
Sean Kuraly 1 0 1 1 0 3 4 0 0 0 1/3 8:31 0:00 0:59
3 Stars
1 - Damon Severson (EDM)
2 - Sean Kuraly (EDM)
3 - Adrian Kempe (EDM)
Power Play
Boston Bruins - 0 on 1 Attempt(s) - 0.00%
Edmonton Oilers - 2 on 6 Attempt(s) - 33.33%
Penalty Kill
Boston Bruins - 4 on 6 Attempt(s) - 66.67%
- Score 1 goal in Penalty Kill
Edmonton Oilers - 1 on 1 Attempt(s) - 100.00%
- Score 0 goal in Penalty Kill
Team Stat
Boston Bruins - Hits : 18 - Faceoff Wins : 29 - Blocked Shots : 9 - Penalty Minutes : 12
Edmonton Oilers - Hits : 21 - Faceoff Wins : 32 - Blocked Shots : 12 - Penalty Minutes : 2
Official
Referees : Dennis LaRue and Francois StLaurent
Linesman : Brandon Gawryletz and John Grandt
Game Notes
No Game Note
Finance
Level 1 -- Attendance: 5210 (86.83%) -- Ticket Income $521,000
Level 2 -- Attendance: 4224 (84.48%) -- Ticket Income $253,440
Level 3 -- Attendance: 2348 (78.27%) -- Ticket Income $86,876
Level 4 -- Attendance: 3768 (75.36%) -- Ticket Income $97,968
Luxury Box -- Attendance: 917 (91.70%) -- Ticket Income $178,815
Game was played at the Rexall Place.
Total Attendance: 16467 (82.34%)
Total Ticket Income: $1,138,099
Other Income: $398,335
Total Income: $1,536,434
Boston Bruins
5 vs 5 Forward
Center Left Wing Right Wing Time % Phy DF OF
1 Vincent Trocheck Pavel Zacha Phil Kessel 40 1 2 2
2 Ryan Donato Joel Farabee Brock McGinn 30 1 2 2
3 Brandon Hagel Anthony Beauvillier Joonas Donskoi 20 1 2 2
4 Vincent Trocheck Brandon Hagel Danton Heinen 10 1 2 2
5 vs 5 Defense
Defense Defense Time % Phy DF OF
1 Charlie McAvoy Tyson Barrie 40 1 2 2
2 Samuel Girard Sean Durzi 30 1 2 2
3 Victor Mete Matt Grzelcyk 20 1 2 2
4 Kyle Capobianco Charlie McAvoy 10 1 2 2
PowerPlay Forward
Center Left Wing Right Wing Time % Phy DF OF
1 Vincent Trocheck Pavel Zacha Phil Kessel 60 1 2 2
2 Ryan Donato Joel Farabee Brock McGinn 40 1 2 2
PowerPlay Defense
Defense Defense Time % Phy DF OF
1 Charlie McAvoy Tyson Barrie 60 1 2 2
2 Samuel Girard Sean Durzi 40 1 2 2
Penalty Kill 4 Players Forward
Center Wing Time % Phy DF OF
1 Vincent Trocheck Phil Kessel 60 1 2 2
2 Pavel Zacha Joel Farabee 40 1 2 2
Penalty Kill 4 Players Defense
Defense Defense Time % Phy DF OF
1 Charlie McAvoy Tyson Barrie 60 1 2 2
2 Samuel Girard Sean Durzi 40 1 2 2
Penalty Kill - 3 Players Forward
Forward Time % Phy DF OF
1 Vincent Trocheck 60 1 2 2
2 Phil Kessel 40 1 2 2
Penalty Kill - 3 Players Defense
Defense Defense Time % Phy DF OF
1 Charlie McAvoy Tyson Barrie 60 1 2 2
2 Samuel Girard Sean Durzi 40 1 2 2
4 vs 4 Forward
Center Wing Time % Phy DF OF
1 Vincent Trocheck Phil Kessel 60 1 2 2
2 Pavel Zacha Joel Farabee 40 1 2 2
4 vs 4 Defense
Defense Defense Time % Phy DF OF
1 Charlie McAvoy Tyson Barrie 60 1 2 2
2 Samuel Girard Sean Durzi 40 1 2 2
Last Minutes Offensive
Center Left Wing Right Wing Defense Defense
Vincent Trocheck Pavel Zacha Phil Kessel Charlie McAvoy Tyson Barrie
Last Minutes Defensive
Center Left Wing Right Wing Defense Defense
Vincent Trocheck Pavel Zacha Phil Kessel Charlie McAvoy Tyson Barrie
Goaltenders
Starting : David Rittich
Backup : Kyle Keyser
Extra Forwards
Normal : Mason Appleton, Anthony Beauvillier, Joonas Donskoi - PP : Mason Appleton, Anthony Beauvillier - PK : Joonas Donskoi
Extra Defensemen
Normal : Victor Mete, Matt Grzelcyk, Kyle Capobianco - PP : Victor Mete - PK : Matt Grzelcyk, Kyle Capobianco
Penalty Shots
Vincent Trocheck, Phil Kessel, Pavel Zacha, Joel Farabee, Anthony Beauvillier
Edmonton Oilers
5 vs 5 Forward
Center Left Wing Right Wing Time % Phy DF OF
1 Boone Jenner Jamie Benn Cam Atkinson 35 0 2 3
2 Ryan Getzlaf Anthony Duclair Adrian Kempe 34 0 2 3
3 Mikael Backlund Alex Iafallo Brock Boeser 21 0 2 3
4 Sean Kuraly Paul Stastny Jakub Voracek 10 1 2 2
5 vs 5 Defense
Defense Defense Time % Phy DF OF
1 Damon Severson Brett Pesce 35 0 3 2
2 Duncan Keith Brandon Carlo 31 0 4 1
3 Erik Johnson Evan Bouchard 22 1 2 2
4 Erik Johnson Brett Pesce 12 1 4 0
PowerPlay Forward
Center Left Wing Right Wing Time % Phy DF OF
1 Boone Jenner Jamie Benn Adrian Kempe 60 0 0 5
2 Ryan Getzlaf Jakub Voracek Brock Boeser 40 0 0 5
PowerPlay Defense
Defense Defense Time % Phy DF OF
1 Damon Severson Anthony Duclair 60 0 1 4
2 Evan Bouchard Cam Atkinson 40 0 1 4
Penalty Kill 4 Players Forward
Center Wing Time % Phy DF OF
1 Boone Jenner Sean Kuraly 50 1 4 0
2 Mikael Backlund Alex Iafallo 50 1 4 0
Penalty Kill 4 Players Defense
Defense Defense Time % Phy DF OF
1 Erik Johnson Brett Pesce 60 1 4 0
2 Damon Severson Brandon Carlo 40 1 4 0
Penalty Kill - 3 Players Forward
Forward Time % Phy DF OF
1 Boone Jenner 50 0 5 0
2 Mikael Backlund 50 0 5 0
Penalty Kill - 3 Players Defense
Defense Defense Time % Phy DF OF
1 Erik Johnson Brett Pesce 50 1 4 0
2 Damon Severson Brandon Carlo 50 1 4 0
4 vs 4 Forward
Center Wing Time % Phy DF OF
1 Jamie Benn Adrian Kempe 57 0 2 3
2 Mikael Backlund Anthony Duclair 43 0 2 3
4 vs 4 Defense
Defense Defense Time % Phy DF OF
1 Damon Severson Brett Pesce 56 0 3 2
2 Evan Bouchard Brandon Carlo 44 0 2 3
Last Minutes Offensive
Center Left Wing Right Wing Defense Defense
Boone Jenner Jamie Benn Adrian Kempe Damon Severson Evan Bouchard
Last Minutes Defensive
Center Left Wing Right Wing Defense Defense
Boone Jenner Sean Kuraly Mikael Backlund Erik Johnson Brett Pesce
Goaltenders
Starting : Juuse Saros
Backup : Matt Murray
Extra Forwards
Normal : Adrian Kempe, Brock Boeser, Paul Stastny - PP : Jakub Voracek, Paul Stastny - PK : Cam Atkinson
Extra Defensemen
Normal : Duncan Keith, Evan Bouchard, Damon Severson - PP : Duncan Keith - PK : Damon Severson, Duncan Keith
Penalty Shots
Boone Jenner, Anthony Duclair, Adrian Kempe, Cam Atkinson, Jakub Voracek
% Time on Ice - Boston Bruins
Lines # - Real PCT - Wanted PCT - Time Play
Normal Forward
1 - 36% - 40% - 17:50
2 - 31% - 30% - 15:09
3 - 26% - 20% - 12:57
4 - 7% - 10% - 3:36
Normal Defense
1 - 38% - 40% - 18:35
2 - 31% - 30% - 15:18
3 - 23% - 20% - 11:25
4 - 9% - 10% - 4:14
PP Forward
1 - 53% - 60% - 1:03
2 - 47% - 40% - 0:56
PP Defense
1 - 45% - 60% - 0:53
2 - 55% - 40% - 1:06
PK Forward
1 - 81% - 60% - 6:53
2 - 19% - 40% - 1:36
PK Defense
1 - 62% - 60% - 5:18
2 - 38% - 40% - 3:11
PK3 Forward
1 - 0% - 60%
2 - 0% - 40%
PK3 Defense
1 - 0% - 60%
2 - 0% - 40%
44 Forward
1 - 0% - 60%
2 - 0% - 40%
44 Defense
1 - 0% - 60%
2 - 0% - 40%
Last Minute Offensive - 0:00
Last Minute Defensive - 0:00
Total
Forward - 60:00
Defense - 60:00
|
% Time on Ice - Edmonton Oilers
Lines # - Real PCT - Wanted PCT - Time Play
Normal Forward
1 - 31% - 35% - 15:21
2 - 30% - 34% - 14:38
3 - 24% - 21% - 12:01
4 - 15% - 10% - 7:32
Normal Defense
1 - 36% - 35% - 17:38
2 - 34% - 31% - 16:40
3 - 23% - 22% - 11:31
4 - 8% - 12% - 3:43
PP Forward
1 - 55% - 60% - 4:40
2 - 45% - 40% - 3:49
PP Defense
1 - 74% - 60% - 6:19
2 - 26% - 40% - 2:10
PK Forward
1 - 50% - 50% - 0:59
2 - 50% - 50% - 1:00
PK Defense
1 - 55% - 60% - 1:06
2 - 45% - 40% - 0:53
PK3 Forward
1 - 0% - 50%
2 - 0% - 50%
PK3 Defense
1 - 0% - 50%
2 - 0% - 50%
44 Forward
1 - 0% - 57%
2 - 0% - 43%
44 Defense
1 - 0% - 56%
2 - 0% - 44%
Last Minute Offensive - 0:00
Last Minute Defensive - 0:00
Total
Forward - 60:00
Defense - 60:00
|
Play-by-Play
1st period
0:01 of 1st period - Boone Jenner wins face-off versus Pavel Zacha in neutral zone.
0:13 of 1st period - Wrist shot by Phil Kessel.
0:13 of 1st period - Stopped by Juuse Saros without a rebound.
0:14 of 1st period - Ryan Getzlaf wins face-off versus Ryan Donato in Edmonton Oilers zone.
0:16 of 1st period - Minor Penalty to Ryan Getzlaf for Tripping.
0:17 of 1st period - Boone Jenner wins face-off versus Vincent Trocheck in Edmonton Oilers zone.
2:16 of 1st period - Penalty to Ryan Getzlaf is over, Ryan Getzlaf is back on ice.
2:34 of 1st period - Off-side.
2:35 of 1st period - Ryan Getzlaf wins face-off versus Brandon Hagel in neutral zone.
2:38 of 1st period - Brandon Hagel is hit by Adrian Kempe and loses puck.
3:13 of 1st period - Snap shot by Brandon Hagel.
3:13 of 1st period - Deflect By Joonas Donskoi.
3:13 of 1st period - Stopped by Juuse Saros without a rebound.
3:14 of 1st period - Boone Jenner wins face-off versus Vincent Trocheck in Edmonton Oilers zone.
3:14 of 1st period - Boone Jenner is hit by Charlie McAvoy.
3:24 of 1st period - Wrist shot by Vincent Trocheck.
3:24 of 1st period - Deflect By Phil Kessel.
3:24 of 1st period - Shot Misses the Net.
3:24 of 1st period - Puck is out of play.
3:25 of 1st period - Boone Jenner wins face-off versus Vincent Trocheck in Edmonton Oilers zone.
3:34 of 1st period - Off-side.
3:35 of 1st period - Vincent Trocheck wins face-off versus Cam Atkinson in neutral zone.
4:03 of 1st period - Icing by Damon Severson.
4:04 of 1st period - Boone Jenner wins face-off versus Ryan Donato in Edmonton Oilers zone.
4:29 of 1st period - Wrist shot by Brandon Hagel.
4:29 of 1st period - Stopped by Juuse Saros with a rebound.
4:31 of 1st period - Snap shot by Anthony Beauvillier.
4:31 of 1st period - Stopped by Juuse Saros without a rebound.
4:32 of 1st period - Ryan Donato wins face-off versus Mikael Backlund in Edmonton Oilers zone.
4:43 of 1st period - Wrist shot by Ryan Donato.
4:43 of 1st period - Shot Misses the Net.
4:45 of 1st period - Wrist shot by Joel Farabee.
4:45 of 1st period - Shot Blocked by Erik Johnson.
4:47 of 1st period - Snap shot by Tyson Barrie.
4:47 of 1st period - Shot Blocked by Evan Bouchard.
4:57 of 1st period - Charlie McAvoy is hit by Ryan Getzlaf.
5:01 of 1st period - Vincent Trocheck is hit by Duncan Keith and loses puck.
5:19 of 1st period - Icing by Brandon Carlo.
5:20 of 1st period - Sean Kuraly wins face-off versus Joonas Donskoi in Edmonton Oilers zone.
5:29 of 1st period - Snap shot by Jakub Voracek.
5:29 of 1st period - Shot Misses the Net.
5:31 of 1st period - Slapshot by Brandon Carlo.
5:31 of 1st period - Stopped by David Rittich with a rebound.
5:33 of 1st period - Wrist shot by Sean Kuraly.
5:33 of 1st period - Goal by Sean Kuraly - Boston Bruins : 0 - Edmonton Oilers : 1.
5:34 of 1st period - Ryan Donato wins face-off versus Mikael Backlund in neutral zone.
5:41 of 1st period - Slapshot by Ryan Donato.
5:41 of 1st period - Stopped by Juuse Saros with a rebound.
5:43 of 1st period - Slapshot by Sean Durzi.
5:43 of 1st period - Stopped by Juuse Saros without a rebound.
5:44 of 1st period - Ryan Donato wins face-off versus Mikael Backlund in Edmonton Oilers zone.
6:01 of 1st period - Backhand shot by Mikael Backlund.
6:01 of 1st period - Shot Blocked by Joel Farabee.
6:35 of 1st period - Snap shot by Ryan Donato.
6:35 of 1st period - Shot Misses the Net.
6:37 of 1st period - Snap shot by Brock McGinn.
6:37 of 1st period - Stopped by Juuse Saros with a rebound.
6:39 of 1st period - Snap shot by Ryan Donato.
6:39 of 1st period - Shot Blocked by Erik Johnson.
6:41 of 1st period - Wrist shot by Ryan Donato.
6:41 of 1st period - Shot Misses the Net.
6:47 of 1st period - Snap shot by Ryan Donato.
6:47 of 1st period - Stopped by Juuse Saros with a rebound.
6:49 of 1st period - Wrist shot by Brock McGinn.
6:49 of 1st period - Stopped by Juuse Saros without a rebound.
6:50 of 1st period - Ryan Getzlaf wins face-off versus Pavel Zacha in Edmonton Oilers zone.
7:22 of 1st period - Slapshot by Anthony Beauvillier.
7:22 of 1st period - Stopped by Juuse Saros without a rebound.
7:23 of 1st period - Boone Jenner wins face-off versus Brandon Hagel in Edmonton Oilers zone.
7:34 of 1st period - Snap shot by Jamie Benn.
7:34 of 1st period - Stopped by David Rittich with a rebound.
7:36 of 1st period - Snap shot by Boone Jenner.
7:36 of 1st period - Shot Blocked by Joonas Donskoi.
7:38 of 1st period - Snap shot by Boone Jenner.
7:38 of 1st period - Stopped by David Rittich with a rebound.
7:40 of 1st period - Slapshot by Brandon Carlo.
7:40 of 1st period - Stopped by David Rittich without a rebound.
7:41 of 1st period - Ryan Getzlaf wins face-off versus Vincent Trocheck in Boston Bruins zone.
8:52 of 1st period - Wrist shot by Brock Boeser.
8:52 of 1st period - Shot Misses the Net.
8:54 of 1st period - Snap shot by Mikael Backlund.
8:54 of 1st period - Stopped by David Rittich with a rebound.
8:56 of 1st period - Backhand shot by Duncan Keith.
8:56 of 1st period - Shot Misses the Net.
8:58 of 1st period - Wrist shot by Brock Boeser.
8:58 of 1st period - Stopped by David Rittich without a rebound.
8:59 of 1st period - Vincent Trocheck wins face-off versus Ryan Getzlaf in Boston Bruins zone.
9:06 of 1st period - Snap shot by Vincent Trocheck.
9:06 of 1st period - Shot Blocked by Evan Bouchard.
9:24 of 1st period - Cam Atkinson is hit by Joel Farabee and loses puck.
9:41 of 1st period - Evan Bouchard is hit by Joel Farabee and loses puck.
10:27 of 1st period - Snap shot by Joel Farabee.
10:27 of 1st period - Shot Blocked by Evan Bouchard.
10:29 of 1st period - Wrist shot by Joel Farabee.
10:29 of 1st period - Stopped by Juuse Saros with a rebound.
10:31 of 1st period - Snap shot by Joel Farabee.
10:31 of 1st period - Shot Misses the Net.
10:33 of 1st period - Snap shot by Ryan Donato.
10:33 of 1st period - Deflect By Joel Farabee.
10:33 of 1st period - Stopped by Juuse Saros with a rebound.
10:43 of 1st period - Wrist shot by Ryan Donato.
10:43 of 1st period - Shot Misses the Net.
10:45 of 1st period - Snap shot by Joel Farabee.
10:45 of 1st period - Shot Blocked by Erik Johnson.
10:47 of 1st period - Slapshot by Victor Mete.
10:47 of 1st period - Stopped by Juuse Saros without a rebound.
10:48 of 1st period - Vincent Trocheck wins face-off versus Ryan Getzlaf in Edmonton Oilers zone.
11:03 of 1st period - Snap shot by Adrian Kempe.
11:03 of 1st period - Shot Misses the Net.
11:05 of 1st period - Backhand shot by Brett Pesce.
11:05 of 1st period - Stopped by David Rittich without a rebound.
11:06 of 1st period - Vincent Trocheck wins face-off versus Mikael Backlund in Boston Bruins zone.
12:06 of 1st period - Wrist shot by Pavel Zacha.
12:06 of 1st period - Shot Misses the Net.
12:38 of 1st period - Victor Mete is hit by Anthony Duclair.
12:48 of 1st period - Joel Farabee is hit by Sean Kuraly and loses puck.
12:58 of 1st period - Off-side.
12:59 of 1st period - Boone Jenner wins face-off versus Vincent Trocheck in neutral zone.
13:57 of 1st period - Slapshot by Anthony Duclair.
13:57 of 1st period - Deflect By Ryan Getzlaf.
13:57 of 1st period - Stopped by David Rittich without a rebound.
13:58 of 1st period - Vincent Trocheck wins face-off versus Boone Jenner in Boston Bruins zone.
14:08 of 1st period - Slapshot by Sean Durzi.
14:08 of 1st period - Shot Misses the Net.
14:22 of 1st period - Damon Severson is hit by Sean Durzi.
14:47 of 1st period - Erik Johnson is hit by Charlie McAvoy and loses puck.
15:10 of 1st period - Snap shot by Alex Iafallo.
15:10 of 1st period - Stopped by David Rittich with a rebound.
15:54 of 1st period - Snap shot by Brock Boeser.
15:54 of 1st period - Stopped by David Rittich without a rebound.
15:55 of 1st period - Vincent Trocheck wins face-off versus Ryan Getzlaf in Boston Bruins zone.
15:55 of 1st period - Vincent Trocheck is hit by Anthony Duclair.
16:09 of 1st period - Snap shot by Vincent Trocheck.
16:09 of 1st period - Stopped by Juuse Saros without a rebound.
16:10 of 1st period - Vincent Trocheck wins face-off versus Boone Jenner in Edmonton Oilers zone.
16:24 of 1st period - Minor Penalty to Charlie McAvoy for Cross-checking.
16:25 of 1st period - Boone Jenner wins face-off versus Phil Kessel in Boston Bruins zone.
16:28 of 1st period - Wrist shot by Adrian Kempe.
16:28 of 1st period - Shot Misses the Net.
16:30 of 1st period - Slapshot by Damon Severson.
16:30 of 1st period - Stopped by David Rittich with a rebound.
18:24 of 1st period - Penalty to Charlie McAvoy is over, Charlie McAvoy is back on ice.
Goals for this period are 0 for Boston Bruins vs 1 for Edmonton Oilers.
Shots for this period are 14 for Boston Bruins vs 12 for Edmonton Oilers.
2nd period
0:01 of 2nd period - Vincent Trocheck wins face-off versus Ryan Getzlaf in neutral zone.
0:52 of 2nd period - Snap shot by Paul Stastny.
0:52 of 2nd period - Shot Misses the Net.
0:54 of 2nd period - Slapshot by Sean Kuraly.
0:54 of 2nd period - Shot Blocked by Anthony Beauvillier.
0:56 of 2nd period - Slapshot by Damon Severson.
0:56 of 2nd period - Deflect By Sean Kuraly.
0:56 of 2nd period - Stopped by David Rittich with a rebound.
1:15 of 2nd period - Snap shot by Brock Boeser.
1:15 of 2nd period - Stopped by David Rittich with a rebound.
2:06 of 2nd period - Tyson Barrie is hit by Sean Kuraly and loses puck.
2:13 of 2nd period - Brandon Hagel is hit by Erik Johnson and loses puck.
2:18 of 2nd period - Slapshot by Jakub Voracek.
2:18 of 2nd period - Shot Misses the Net.
2:28 of 2nd period - Brock Boeser is hit by Vincent Trocheck and loses puck.
2:43 of 2nd period - Sean Durzi is hit by Ryan Getzlaf and loses puck.
2:56 of 2nd period - Snap shot by Anthony Duclair.
2:56 of 2nd period - Shot Misses the Net.
3:10 of 2nd period - Wrist shot by Boone Jenner.
3:10 of 2nd period - Stopped by David Rittich with a rebound.
3:12 of 2nd period - Wrist shot by Cam Atkinson.
3:12 of 2nd period - Shot Misses the Net.
3:14 of 2nd period - Wrist shot by Cam Atkinson.
3:14 of 2nd period - Shot Misses the Net.
3:47 of 2nd period - Joel Farabee is hit by Sean Kuraly and loses puck.
4:20 of 2nd period - Snap shot by Brock Boeser.
4:20 of 2nd period - Shot Misses the Net.
4:22 of 2nd period - Snap shot by Brock Boeser.
4:22 of 2nd period - Shot Misses the Net.
4:44 of 2nd period - Snap shot by Cam Atkinson.
4:44 of 2nd period - Shot Misses the Net.
4:46 of 2nd period - Slapshot by Duncan Keith.
4:46 of 2nd period - Stopped by David Rittich with a rebound.
4:48 of 2nd period - Backhand shot by Jamie Benn.
4:48 of 2nd period - Shot Misses the Net.
5:03 of 2nd period - Charlie McAvoy is hit by Duncan Keith and loses puck.
5:26 of 2nd period - Duncan Keith is hit by Sean Durzi.
5:41 of 2nd period - Brock Boeser is hit by Ryan Donato and loses puck.
5:48 of 2nd period - Slapshot by Joel Farabee.
5:48 of 2nd period - Stopped by Juuse Saros without a rebound.
5:49 of 2nd period - Ryan Getzlaf wins face-off versus Vincent Trocheck in Edmonton Oilers zone.
6:02 of 2nd period - Wrist shot by Phil Kessel.
6:02 of 2nd period - Stopped by Juuse Saros without a rebound.
6:03 of 2nd period - Boone Jenner wins face-off versus Vincent Trocheck in Edmonton Oilers zone.
6:32 of 2nd period - Snap shot by Ryan Getzlaf.
6:32 of 2nd period - Stopped by David Rittich with a rebound.
6:34 of 2nd period - Snap shot by Ryan Getzlaf.
6:34 of 2nd period - Stopped by David Rittich with a rebound.
6:36 of 2nd period - Snap shot by Ryan Getzlaf.
6:36 of 2nd period - Shot Misses the Net.
6:38 of 2nd period - Slapshot by Brett Pesce.
6:38 of 2nd period - Stopped by David Rittich without a rebound.
6:39 of 2nd period - Brock McGinn wins face-off versus Boone Jenner in Boston Bruins zone.
6:44 of 2nd period - Wrist shot by Ryan Donato.
6:44 of 2nd period - Stopped by Juuse Saros without a rebound.
6:45 of 2nd period - Boone Jenner wins face-off versus Ryan Donato in Edmonton Oilers zone.
7:16 of 2nd period - Slapshot by Phil Kessel.
7:16 of 2nd period - Shot Misses the Net.
7:51 of 2nd period - Icing by Alex Iafallo.
7:52 of 2nd period - Ryan Donato wins face-off versus Mikael Backlund in Edmonton Oilers zone.
7:57 of 2nd period - Wrist shot by Phil Kessel.
7:57 of 2nd period - Stopped by Juuse Saros with a rebound.
7:59 of 2nd period - Wrist shot by Pavel Zacha.
7:59 of 2nd period - Shot Misses the Net.
8:01 of 2nd period - Wrist shot by Vincent Trocheck.
8:01 of 2nd period - Shot Blocked by Brock Boeser.
8:03 of 2nd period - Wrist shot by Phil Kessel.
8:03 of 2nd period - Stopped by Juuse Saros without a rebound.
8:04 of 2nd period - Pavel Zacha wins face-off versus Ryan Getzlaf in Edmonton Oilers zone.
8:05 of 2nd period - Snap shot by Phil Kessel.
8:05 of 2nd period - Stopped by Juuse Saros with a rebound.
8:07 of 2nd period - Snap shot by Pavel Zacha.
8:07 of 2nd period - Deflect By Ryan Getzlaf.
8:07 of 2nd period - Goal by Pavel Zacha - Boston Bruins : 1 - Edmonton Oilers : 1.
8:08 of 2nd period - Ryan Getzlaf wins face-off versus Vincent Trocheck in neutral zone.
8:15 of 2nd period - Wrist shot by Anthony Duclair.
8:15 of 2nd period - Stopped by David Rittich with a rebound.
8:17 of 2nd period - Wrist shot by Brett Pesce.
8:17 of 2nd period - Stopped by David Rittich without a rebound.
8:18 of 2nd period - Vincent Trocheck wins face-off versus Ryan Getzlaf in Boston Bruins zone.
8:53 of 2nd period - Minor Penalty to Phil Kessel for Slashing.
8:54 of 2nd period - Vincent Trocheck wins face-off versus Boone Jenner in Boston Bruins zone.
9:18 of 2nd period - Damon Severson is hit by Ryan Donato and loses puck.
10:19 of 2nd period - Anthony Beauvillier is hit by Jamie Benn and loses puck.
10:53 of 2nd period - Penalty to Phil Kessel is over, Phil Kessel is back on ice.
11:59 of 2nd period - Joel Farabee is hit by Brandon Carlo and loses puck.
14:00 of 2nd period - Duncan Keith is hit by Matt Grzelcyk.
15:44 of 2nd period - Brock McGinn is hit by Alex Iafallo.
17:03 of 2nd period - Wrist shot by Mikael Backlund.
17:03 of 2nd period - Shot Misses the Net.
17:46 of 2nd period - Wrist shot by Anthony Duclair.
17:46 of 2nd period - Stopped by David Rittich with a rebound.
18:32 of 2nd period - Boone Jenner is hit by Mason Appleton and loses puck.
18:49 of 2nd period - Kyle Capobianco is hit by Brett Pesce.
18:57 of 2nd period - Wrist shot by Brock Boeser.
18:57 of 2nd period - Shot Misses the Net.
Goals for this period are 1 for Boston Bruins vs 0 for Edmonton Oilers.
Shots for this period are 7 for Boston Bruins vs 10 for Edmonton Oilers.
3rd period
0:01 of 3rd period - Boone Jenner wins face-off versus Vincent Trocheck in neutral zone.
1:11 of 3rd period - Slapshot by Vincent Trocheck.
1:11 of 3rd period - Shot Misses the Net.
1:13 of 3rd period - Backhand shot by Pavel Zacha.
1:13 of 3rd period - Shot Misses the Net.
2:09 of 3rd period - Vincent Trocheck is hit by Ryan Getzlaf and loses puck.
2:27 of 3rd period - Minor Penalty to Anthony Beauvillier for Holding.
2:28 of 3rd period - Vincent Trocheck wins face-off versus Boone Jenner in Boston Bruins zone.
2:33 of 3rd period - Icing by Adrian Kempe.
2:34 of 3rd period - Vincent Trocheck wins face-off versus Boone Jenner in Edmonton Oilers zone.
2:37 of 3rd period - Slapshot by Vincent Trocheck.
2:37 of 3rd period - Stopped by Juuse Saros without a rebound.
2:38 of 3rd period - Adrian Kempe wins face-off versus Vincent Trocheck in Edmonton Oilers zone.
2:38 of 3rd period - Adrian Kempe is hit by Phil Kessel.
2:48 of 3rd period - Slapshot by Boone Jenner.
2:48 of 3rd period - Shot Hit the Post.
2:50 of 3rd period - Snap shot by Jamie Benn.
2:50 of 3rd period - Shot Misses the Net.
2:52 of 3rd period - Wrist shot by Adrian Kempe.
2:52 of 3rd period - Shot Misses the Net.
2:59 of 3rd period - Snap shot by Jamie Benn.
2:59 of 3rd period - Shot Misses the Net.
3:01 of 3rd period - Slapshot by Damon Severson.
3:01 of 3rd period - Deflect By Boone Jenner.
3:01 of 3rd period - Stopped by David Rittich with a rebound.
3:03 of 3rd period - Slapshot by Anthony Duclair.
3:03 of 3rd period - Goal by Anthony Duclair - Boston Bruins : 1 - Edmonton Oilers : 2.
3:04 of 3rd period - Boone Jenner wins face-off versus Vincent Trocheck in neutral zone.
3:07 of 3rd period - Snap shot by Jamie Benn.
3:07 of 3rd period - Shot Misses the Net.
3:09 of 3rd period - Slapshot by Cam Atkinson.
3:09 of 3rd period - Deflect By Pavel Zacha.
3:09 of 3rd period - Shot Misses the Net.
3:09 of 3rd period - Puck is out of play.
3:10 of 3rd period - Vincent Trocheck wins face-off versus Cam Atkinson in Boston Bruins zone.
3:12 of 3rd period - Minor Penalty to Charlie McAvoy for Holding.
3:13 of 3rd period - Boone Jenner wins face-off versus Vincent Trocheck in Boston Bruins zone.
3:53 of 3rd period - Wrist shot by Pavel Zacha.
3:53 of 3rd period - Goal by Pavel Zacha - Boston Bruins : 2 - Edmonton Oilers : 2.
3:54 of 3rd period - Vincent Trocheck wins face-off versus Boone Jenner in neutral zone.
4:25 of 3rd period - Slapshot by Ryan Getzlaf.
4:25 of 3rd period - Shot Misses the Net.
5:12 of 3rd period - Penalty to Charlie McAvoy is over, Charlie McAvoy is back on ice.
5:15 of 3rd period - Samuel Girard is hit by Mikael Backlund and loses puck.
7:15 of 3rd period - Icing by Phil Kessel.
7:16 of 3rd period - Vincent Trocheck wins face-off versus Mikael Backlund in Boston Bruins zone.
7:25 of 3rd period - Slapshot by Alex Iafallo.
7:25 of 3rd period - Shot Misses the Net.
7:31 of 3rd period - Brock Boeser is hit by Charlie McAvoy and loses puck.
7:42 of 3rd period - Snap shot by Ryan Donato.
7:42 of 3rd period - Shot Blocked by Brock Boeser.
7:44 of 3rd period - Snap shot by Matt Grzelcyk.
7:44 of 3rd period - Shot Misses the Net.
7:46 of 3rd period - Slapshot by Ryan Donato.
7:46 of 3rd period - Stopped by Juuse Saros with a rebound.
7:48 of 3rd period - Slapshot by Brock McGinn.
7:48 of 3rd period - Stopped by Juuse Saros without a rebound.
7:49 of 3rd period - Cam Atkinson wins face-off versus Ryan Donato in Edmonton Oilers zone.
7:52 of 3rd period - Snap shot by Ryan Donato.
7:52 of 3rd period - Shot Blocked by Brandon Carlo.
8:06 of 3rd period - Boone Jenner is hit by Joel Farabee and loses puck.
8:29 of 3rd period - Snap shot by Adrian Kempe.
8:29 of 3rd period - Goal by Adrian Kempe - Boston Bruins : 2 - Edmonton Oilers : 3.
8:30 of 3rd period - Vincent Trocheck wins face-off versus Boone Jenner in neutral zone.
8:55 of 3rd period - Damon Severson is hit by Joonas Donskoi and loses puck.
9:00 of 3rd period - Snap shot by Anthony Beauvillier.
9:00 of 3rd period - Stopped by Juuse Saros with a rebound.
9:02 of 3rd period - Slapshot by Sean Durzi.
9:02 of 3rd period - Shot Blocked by Adrian Kempe.
9:04 of 3rd period - Wrist shot by Joonas Donskoi.
9:04 of 3rd period - Stopped by Juuse Saros without a rebound.
9:05 of 3rd period - Ryan Getzlaf wins face-off versus Vincent Trocheck in Edmonton Oilers zone.
9:34 of 3rd period - Samuel Girard is hit by Jamie Benn and loses puck.
9:58 of 3rd period - Snap shot by Paul Stastny.
9:58 of 3rd period - Stopped by David Rittich without a rebound.
9:59 of 3rd period - Vincent Trocheck wins face-off versus Sean Kuraly in Boston Bruins zone.
10:17 of 3rd period - Vincent Trocheck is hit by Sean Kuraly and loses puck.
10:32 of 3rd period - Snap shot by Paul Stastny.
10:32 of 3rd period - Deflect By Jakub Voracek.
10:32 of 3rd period - Stopped by David Rittich with a rebound.
10:34 of 3rd period - Snap shot by Sean Kuraly.
10:34 of 3rd period - Shot Blocked by Phil Kessel.
10:36 of 3rd period - Slapshot by Damon Severson.
10:36 of 3rd period - Stopped by David Rittich with a rebound.
10:38 of 3rd period - Snap shot by Sean Kuraly.
10:38 of 3rd period - Stopped by David Rittich with a rebound.
10:40 of 3rd period - Slapshot by Brett Pesce.
10:40 of 3rd period - Shot Blocked by Vincent Trocheck.
10:44 of 3rd period - Snap shot by Jakub Voracek.
10:44 of 3rd period - Stopped by David Rittich without a rebound.
10:45 of 3rd period - Boone Jenner wins face-off versus Ryan Donato in Boston Bruins zone.
10:58 of 3rd period - Wrist shot by Joel Farabee.
10:58 of 3rd period - Stopped by Juuse Saros with a rebound.
11:00 of 3rd period - Wrist shot by Brock McGinn.
11:00 of 3rd period - Shot Blocked by Evan Bouchard.
11:10 of 3rd period - Boone Jenner is hit by Brandon Hagel and loses puck.
11:19 of 3rd period - Anthony Beauvillier is hit by Boone Jenner and loses puck.
11:44 of 3rd period - Backhand shot by Joel Farabee.
11:44 of 3rd period - Stopped by Juuse Saros without a rebound.
11:45 of 3rd period - Ryan Getzlaf wins face-off versus Brock McGinn in Edmonton Oilers zone.
12:12 of 3rd period - Brett Pesce is hit by Charlie McAvoy and loses puck.
12:17 of 3rd period - Slapshot by Phil Kessel.
12:17 of 3rd period - Deflect By Pavel Zacha.
12:17 of 3rd period - Shot Blocked by Damon Severson.
12:17 of 3rd period - Puck is out of play.
12:18 of 3rd period - Mikael Backlund wins face-off versus Vincent Trocheck in Edmonton Oilers zone.
12:48 of 3rd period - Ryan Getzlaf is hit by Charlie McAvoy.
12:59 of 3rd period - Minor Penalty to Tyson Barrie for High sticking.
13:00 of 3rd period - Phil Kessel wins face-off versus Boone Jenner in Boston Bruins zone.
13:14 of 3rd period - Snap shot by Adrian Kempe.
13:14 of 3rd period - Shot Misses the Net.
13:34 of 3rd period - Icing by Ryan Getzlaf.
13:35 of 3rd period - Pavel Zacha wins face-off versus Ryan Getzlaf in Edmonton Oilers zone.
13:36 of 3rd period - Wrist shot by Joel Farabee.
13:36 of 3rd period - Shot Misses the Net.
13:50 of 3rd period - Slapshot by Anthony Duclair.
13:50 of 3rd period - Shot Blocked by Samuel Girard.
14:00 of 3rd period - Wrist shot by Jakub Voracek.
14:00 of 3rd period - Shot Blocked by Joel Farabee.
14:02 of 3rd period - Slapshot by Damon Severson.
14:02 of 3rd period - Goal by Damon Severson - Boston Bruins : 2 - Edmonton Oilers : 4.
14:03 of 3rd period - Vincent Trocheck wins face-off versus Boone Jenner in neutral zone.
14:06 of 3rd period - Slapshot by Charlie McAvoy.
14:06 of 3rd period - Stopped by Juuse Saros without a rebound.
14:07 of 3rd period - Boone Jenner wins face-off versus Vincent Trocheck in Edmonton Oilers zone.
14:38 of 3rd period - Wrist shot by Brock McGinn.
14:38 of 3rd period - Stopped by Juuse Saros with a rebound.
14:40 of 3rd period - Slapshot by Tyson Barrie.
14:40 of 3rd period - Deflect By Anthony Duclair.
14:40 of 3rd period - Stopped by Juuse Saros without a rebound.
14:41 of 3rd period - Ryan Getzlaf wins face-off versus Ryan Donato in Edmonton Oilers zone.
14:52 of 3rd period - Wrist shot by Adrian Kempe.
14:52 of 3rd period - Stopped by David Rittich without a rebound.
14:53 of 3rd period - Vincent Trocheck wins face-off versus Ryan Getzlaf in Boston Bruins zone.
15:08 of 3rd period - Snap shot by Vincent Trocheck.
15:08 of 3rd period - Stopped by Juuse Saros with a rebound.
15:28 of 3rd period - Wrist shot by Mikael Backlund.
15:28 of 3rd period - Goal by Mikael Backlund - Boston Bruins : 2 - Edmonton Oilers : 5.
15:29 of 3rd period - Boone Jenner wins face-off versus Ryan Donato in neutral zone.
15:40 of 3rd period - Slapshot by Jamie Benn.
15:40 of 3rd period - Shot Blocked by Charlie McAvoy.
15:42 of 3rd period - Slapshot by Brett Pesce.
15:42 of 3rd period - Stopped by David Rittich with a rebound.
15:44 of 3rd period - Slapshot by Brett Pesce.
15:44 of 3rd period - Deflect By Charlie McAvoy.
15:44 of 3rd period - Stopped by David Rittich with a rebound.
15:46 of 3rd period - Snap shot by Cam Atkinson.
15:46 of 3rd period - Deflect By Boone Jenner.
15:46 of 3rd period - Shot Misses the Net.
15:46 of 3rd period - Puck is out of play.
15:47 of 3rd period - Vincent Trocheck wins face-off versus Ryan Getzlaf in Boston Bruins zone.
17:31 of 3rd period - Icing by Charlie McAvoy.
17:32 of 3rd period - Ryan Donato wins face-off versus Sean Kuraly in Boston Bruins zone.
17:43 of 3rd period - Slapshot by Evan Bouchard.
17:43 of 3rd period - Shot Blocked by Phil Kessel.
17:57 of 3rd period - Joonas Donskoi is hit by Jamie Benn and loses puck.
18:24 of 3rd period - Slapshot by Brock Boeser.
18:24 of 3rd period - Shot Misses the Net.
18:26 of 3rd period - Slapshot by Damon Severson.
18:26 of 3rd period - Stopped by David Rittich with a rebound.
18:28 of 3rd period - Slapshot by Damon Severson.
18:28 of 3rd period - Stopped by David Rittich without a rebound.
18:29 of 3rd period - Ryan Getzlaf wins face-off versus Vincent Trocheck in Boston Bruins zone.
18:54 of 3rd period - Slapshot by Cam Atkinson.
18:54 of 3rd period - Goal by Cam Atkinson - Boston Bruins : 2 - Edmonton Oilers : 6.
18:55 of 3rd period - Boone Jenner wins face-off versus Vincent Trocheck in neutral zone.
19:04 of 3rd period - Snap shot by Boone Jenner.
19:04 of 3rd period - Shot Misses the Net.
19:06 of 3rd period - Minor Penalty to Phil Kessel for Holding.
19:07 of 3rd period - Boone Jenner wins face-off versus Joonas Donskoi in Boston Bruins zone.
Goals for this period are 1 for Boston Bruins vs 5 for Edmonton Oilers.
Shots for this period are 12 for Boston Bruins vs 16 for Edmonton Oilers.
Back to the Top